 Dungeon Crawl Stone Soup version 0.29-a0-72-g1732ff48e7 (webtiles) character file.

Game seed: 9229570131750141769

294 blackman the Chopper (level 6, -5/47 HPs)
             Began as a Human Delver on Feb 3, 2022.
             Was an Initiate of Okawaru.
             Slain by an ogre (10 damage)
             ... on level 5 of the Dungeon.
             The game lasted 00:27:15 (9183 turns).

blackman the Chopper (Human Delver)                 Turns: 9183, Time: 00:27:15

Health: -5/47      AC: 13    Str: 14    XL:     6   Next: 60%
Magic:  6/6        EV:  8    Int: 10    God:    Okawaru [......]
Gold:   167        SH:  9    Dex: 19    Spells: 5/5 levels left

rFire   + + .      SeeInvis .   a - +0 war axe
rCold   + . .      Faith    .   q - +1 kite shield
rNeg    . . .      Spirit   .   l - +0 scale mail
rPois   .          Reflect  .   t - +2 helmet
rElec   .          Harm     .   G - scarf {rC+ rF+}
rCorr   +          Rampage  .   H - +0 pair of gloves
Will    .....                   h - +2 pair of boots
Stlth   ++........              (no amulet)
HPRegen 0.15/turn               E - ring "Utubaw" {rF+ rCorr Dex+4}
MPRegen 0.10/turn               (no ring)

@: hasted, very quick
A: no striking features
a: Renounce Religion


You were on level 5 of the Dungeon.
You worshipped Okawaru.
Okawaru was noncommittal.
You visited 2 branches of the dungeon, and saw 6 of its levels.

You collected 167 gold pieces.

Inventory:

Hand Weapons
 a - a +0 war axe (weapon)
 f - a +0 hand axe
 v - a +0 long sword
Missiles
 n - 6 javelins
 o - 58 arrows
 s - 112 stones
 y - 7 poisoned darts (quivered)
Armour
 b - a +0 leather armour
 d - a scarf of repulsion
 h - a +2 pair of boots (worn)
 l - a +0 scale mail (worn)
 q - a +1 kite shield (worn)
 t - a +2 helmet (worn)
 G - a scarf of resistance (worn)
 H - a +0 pair of gloves (worn)
 I - the +0 helmet "Nifruesi" {rCorr Int+3 Stlth+}
   (You took it off Robin on level 4 of the Dungeon)

   Int:       It affects your intelligence (+3).
   rCorr:     It protects you from acid and corrosion.
   Stlth:     It makes you more stealthy.
Jewellery
 E - the ring "Utubaw" (left hand) {rF+ rCorr Dex+4}
   (You found it on level 4 of the Dungeon)

   [ring of resist corrosion]

   Dex:       It affects your dexterity (+4).
   rF:        It protects you from fire.
   rCorr:     It protects you from acid and corrosion.
Wands
 g - a wand of digging (3)
 F - a wand of polymorph (9)
Scrolls
 c - a scroll of fog
 e - 2 scrolls of summoning
 i - a scroll of blinking {unknown}
 k - a scroll of noise {unknown}
 r - 2 scrolls of vulnerability
 x - 2 scrolls of teleportation
 A - a scroll of silence {unknown}
 D - a scroll of enchant weapon
Potions
 p - 2 potions of magic {unknown}
 z - a potion of curing {unknown}
 B - a potion of mutation {unknown}
 C - a potion of heal wounds


   Skills:
 - Level 3.0 Fighting
 + Level 6.5 Axes
 - Level 2.0 Dodging
 - Level 5.0 Stealth


You had 5 spell levels left.
You didn't know any spells.
Your spell library contained the following spells:

 Spells                   Type           Power      Damage    Failure   Level
 Apportation              Tloc           0%         N/A       99%         1
 Foxfire                  Conj/Fire      0%         2x1d4     99%         1
 Corpse Rot               Necr/Air       0%         N/A       100%        2
 Ensorcelled Hibernation  Hex/Ice        0%         N/A       100%        2
 Passwall                 Tmut/Erth      0%         N/A       100%        2
 Poisonous Vapours        Pois/Air       0%         N/A       100%        2
 Conjure Flame            Conj/Fire      0%         6-21      100%        3
 Inner Flame              Hex/Fire       0%         N/A       100%        3
 Swiftness                Air            0%         N/A       100%        3
 Flame Wave               Conj/Fire      0%         2d4       100%        4
 Alistair's Intoxication  Tmut/Pois      0%         N/A       100%        5


Dungeon Overview and Level Annotations

Branches:
Dungeon (5/15)             Temple (1/1) D:4

Altars:
Cheibriados
Elyvilon
Fedhas
Gozag
Hepliaklqana
Makhleb
Nemelex Xobeh
Okawaru
Qazlal
Ru
Trog
Uskayaw
Vehumet
Yredelemnul
Zin
The Shining One

Shops:
D:1 [*


Message History

Okay, then.
You feel yourself speed up.
You climb downwards.
The ogre shouts!
There is a stone staircase leading up here.
Cleave: a) +0 war axe
Press: ? - help, Dir - move target, f - you
Okay, then.
Unknown command.
Throw: 8 darts (poison)
Press: ? - help, Q - select action, (/) - cycle Shift-Dir - straight line, f - ogre
Aim: an ogre, wielding a +0 giant club (76% to hit)
You throw a poisoned dart.
The poisoned dart barely misses the ogre.
You hit the ogre.
The ogre is lightly wounded.
The ogre hits you with a +0 giant club!!
You slash the ogre!
The ogre is heavily wounded.
You completely miss the ogre.
The ogre is heavily wounded.
The ogre closely misses you.
You hit the ogre.
The ogre is severely wounded.
You block the ogre's attack.
You hit the ogre.
The ogre is almost dead.
You closely miss the ogre.
The ogre is almost dead.
The ogre hits you with a +0 giant club!!
* * * LOW HITPOINT WARNING * * *
You barely miss the ogre.
The ogre is almost dead.
The ogre barely misses you.
You hit the ogre but do no damage.
The ogre is severely wounded.
You hit the ogre but do no damage.
The ogre is severely wounded.
The ogre hits you with a +0 giant club!
You die...

#*##* #.#.###
###.....##
**#.....@..#*
****.......O...#
*****,,,...........#
**,,*,,,,.$........##
,,,,*,,,,..........#*
,,,,,,,,,..#........**
,,,,,,,,,.,##......(.*
,,****,*,,,,.......$##
,*,**,,,,,,,,,,,,,,,,**


You could see an ogre.

Vanquished Creatures
  2 iguanas (D:4)
  A hound skeleton (D:4)
  Robin (D:4)
  4 gnolls (D:4)
  6 adders
  A worm (D:3)
  3 dart slugs
  6 orcs
  4 endoplasms
  3 giant cockroaches (D:3)
  15 goblins
  15 hobgoblins
  7 jackals
  5 quokkas
  9 ball pythons
  3 bats
  7 frilled lizards
  9 kobolds
  7 rats
108 creatures vanquished.

Vanquished Creatures (others)
  2 plants (D:5)
2 creatures vanquished.

Grand Total: 110 creatures vanquished

Notes
Turn   | Place    | Note
-------+----------+-------------------------------------------
     0 | D:5      | blackman the Human Delver began the quest for the Orb.
     0 | D:5      | Reached XP level 1. HP: 18/18 MP: 1/1
    18 | D:5      | Found an iron altar of Okawaru.
    26 | D:5      | Became a worshipper of Warmaster Okawaru
    35 | D:5      | Noticed a troll
    52 | D:5      | Noticed a gnoll sergeant
    61 | D:4      | Found a burning altar of Makhleb.
   406 | D:3      | Reached XP level 2. HP: 15/24 MP: 2/2
   544 | D:3      | Reached skill level 3 in Axes
  1356 | D:3      | Reached XP level 3. HP: 29/29 MP: 3/3
  1779 | D:1      | Found Luanopp's General Store.
  1947 | D:1      | Reached skill level 4 in Axes
  1947 | D:1      | Reached XP level 4. HP: 30/35 MP: 4/4
  2421 | D:1      | Found Nekun's Armour Shoppe.
  3750 | D:2      | Reached XP level 5. HP: 26/41 MP: 5/5
  5990 | D:3      | Reached skill level 5 in Axes
  6069 | D:3      | Found a snail-covered altar of Cheibriados.
  6731 | D:4      | Identified the ring "Utubaw" {rF+ rCorr Dex+4}
  6763 | D:4      | Reached XP level 6. HP: 27/47 MP: 6/6
  6922 | D:4      | Found a staircase to the Ecumenical Temple.
  6936 | Temple   | Entered the Ecumenical Temple
  7109 | D:4      | Identified the +0 helmet "Nifruesi" {rCorr Int+3 Stlth+}
  7109 | D:4      | Noticed Robin
  7114 | D:4      | Reached skill level 6 in Axes
  7128 | D:4      | Killed Robin
  9015 | D:5      | Noticed an ogre
  9183 | D:5      | Slain by an ogre

Illustrated notes

Levels and vault maps discovered:
D:1:      dpeg_arrival_houses_and_road, layout_basic, serial_shops, shop, shop,
          st_stairs_10, minmay_pentomino_z2
D:2:      layout_loops_cross
D:3:      layout_basic, cheibriados_altar_2, portal_sewer_entry_f, minivault_26,
          minivault_14
D:4:      layout_loops_corners, mainiacjoe_overflow_concentric_impassable,
          minmay_temple_entry_junction, uniq_robin
D:5:      layout_cave_pools, okawaru_trees_2, pdpol_wu_jian_five_deadly_venoms,
          grunt_ashenzari_visionary [grunt_ashenzari_visionary_swamp,
          grunt_ashenzari_visionary_spider], nicolae_grassy_gnolls, uniq_ijyb
Temple:   cyrus_circular_temple

Skill      XL: |  1  2  3  4  5  6 |
---------------+-------------------+-----
Axes           | 3 4 5 6 |  6.5
Fighting       | |  3.0
Dodging        | |  2.0
Stealth        | |  5.0

Action                   |  1- 3 |  4- 6 || total
-------------------------+-------+-------++-------
Melee: Hand axe          |    16 |       ||    16
       War axe           |    58 |   220 ||   278
       Punch             |       |     1 ||     1
       Unarmed           |       |     6 ||     6
Throw: Dart              |       |     1 ||     1
  Use: Scroll            |     2 |     9 ||    11
       Potion            |     2 |     1 ||     3
 Stab: Sleeping          |     4 |     3 ||     7
       Distracted        |       |     1 ||     1
Armor: Leather armour    |    27 |       ||    27
       Scale mail        |    11 |    91 ||   102
Dodge: Dodged            |    59 |   102 ||   161
Block: Kite shield       |       |    64 ||    64

Table legend: (Time is in decaauts)
 A = Elapsed time spent in this place.
 B = Non-inter-level travel time spent in this place.
 C = Inter-level travel time spent in this place.
 D = Time resting spent in this place.
 E = Time spent auto-exploring this place.
 F = Levels seen in this place.
 G = Mean time per level.
                   A        B        C        D        E       F      G
               +--------+--------+--------+--------+--------+-----+--------+
         Total |   9275 |   8880 |    395 |   4985 |   2598 |   6 | 1545.8 |
       Dungeon |   9227 |   8840 |    387 |   4985 |   2566 |   5 | 1845.4 |
        Temple |     47 |     39 |      8 |      0 |     32 |   1 |   47.0 |
               +--------+--------+--------+--------+--------+-----+--------+

Top non-repeatable levels by time:
     D:2: 3051 daAuts
     D:3: 2655 daAuts
     D:4: 2382 daAuts
     D:1: 1063 daAuts
     D:5: 75 daAuts
  Temple: 47 daAuts
